 Dungeon Crawl Stone Soup version 0.27-a0-1256-gced786f65e (webtiles) character file.

Game seed: 13300759390419616280

1462 mrdizzer the Magician (level 9, -11/56 HPs)
             Began as a Djinni Fire Elementalist on June 10, 2021.
             Was a Priest of Elyvilon.
             Killed from afar by an acid dragon (19 damage)
             ... with a splash of acid
             ... on level 6 of the Dungeon.
             The game lasted 00:28:22 (7890 turns).

mrdizzer the Magician (Djinni Fire Elementalist)    Turns: 7890, Time: 00:28:22

Health: -11/56     AC: -3    Str:  7    XL:     9   Next: 5%
Gold:   212        EV: 12    Int: 20    God:    Elyvilon [***...] SH:  0 Dex: 14

rFire    + + .     SeeInvis .   e - staff of earth
rCold    x . .     Faith    .   (no shield)
rNeg     . . .     Spirit   .   l - +0 leather armour
rPois    ∞         Reflect  .   b - +0 helmet
rElec    .         Harm     .   (no cloak)
rCorr    .         Rampage  .   (no gloves)
Will     .....                  (boots unavailable)
Stlth    ++........             (no amulet)
HPRegen  0.18/turn              (no ring)
MPRegen  0.00/turn              (no ring)

@: corroded, flying
A: sickness immunity, fire resistance 2, cold vulnerability 1, float, innate
caster, hp casting, extra vitality 1
a: Renounce Religion, Lesser Healing, Heal Other, Purification, Divine
Protection


You were on level 6 of the Dungeon.
You worshipped Elyvilon.
Elyvilon was most pleased with you.
You visited 1 branch of the dungeon, and saw 7 of its levels.
You also visited: Sewer.

You collected 380 gold pieces.
You spent 168 gold pieces at shops.

Inventory:

Missiles
 j - 2 throwing nets
 B - 3 curare-tipped darts
Armour
 a - a +0 robe
 b - a +0 helmet (worn)
 l - a +0 leather armour (worn)
Magical Staves
 e - a staff of earth (weapon)
 D - a staff of conjuration
Jewellery
 q - a ring of protection from cold
 w - a ring of resist corrosion
Wands
 r - a wand of paralysis (9)
 t - a wand of polymorph (9)
 y - a wand of flame (21)
 C - a wand of acid (5)
Scrolls
 f - 2 scrolls of enchant weapon
 g - 4 scrolls of teleportation
 h - a scroll of fear {unknown}
 o - a scroll of magic mapping {unknown}
 s - a scroll of identify
 v - a scroll of brand weapon {unknown}
Potions
 c - a potion of curing
 d - 2 potions of might
 i - a potion of cancellation {unknown}
 k - 3 potions of brilliance
 m - 4 potions of heal wounds
 n - 2 potions of lignification {unknown}
 p - a potion of resistance {unknown}
 u - a potion of mutation {unknown}
 x - a potion of invisibility {unknown}
 z - a potion of ambrosia {unknown}
 A - a potion of haste {unknown}


   Skills:
 - Level 0.5 Fighting
 + Level 1.1 Staves
 + Level 3.1 Armour
 + Level 3.1 Dodging
 - Level 2.1 Stealth
 + Level 6.4 Spellcasting
 * Level 3.4 Invocations
 * Level 3.7 Evocations


You couldn't memorise any spells.
You knew the following spells:

 Your Spells              Type           Power      Damage    Failure   Level
a - Foxfire               Conj/Fire      100%       2x1d9     1%          1
b - Conjure Flame         Conj/Fire      32%        6-21      3%          3
c - Inner Flame           Hex/Fire       32%        N/A       3%          3
d - Sticky Flame          Conj/Fire      32%        2d5       11%         4
e - Fireball              Conj/Fire      16%        3d8       28%         5
f - Freeze                Ice            100%       1d11      1%          1
g - Searing Ray           Conj           64%        3d5       1%          2
h - Confusing Touch       Hex            32%        N/A       3%          3
i - Cause Fear            Hex            16%        N/A       11%         4
Your spell library was empty.

Dungeon Overview and Level Annotations

Branches:
Dungeon (7/15)             Temple (0/1) D:5           Sewer (visited)

Altars:

Shops:
D:3 ![::

Annotations:
D:6 Grinder


Innate Abilities, Weirdness & Mutations

You are immune to sickness and miasma.
You are immune to poison.
Your flesh is very heat resistant. (rF++)
You are vulnerable to cold. (rC-)
You float through the air rather than walking.
You learn spells naturally, not from books.
Your magical power is your life essence.
You have superior vitality. (+4 HP)


Message History

The wight hits you with a +2 falchion.
You conjure some foxfire!
The foxfire hits the wight.
You destroy the wight!
You start resting.
Your foxfire dissipates! x2
Your foxfire dissipates!
There is a stone staircase leading down here.
There is a stone staircase leading up here.
You fly upwards.
Level annotation: Grinder
There is a stone staircase leading down here.
You start resting.
HP restored.
An acid dragon comes into view.
You conjure some foxfire!
You conjure some foxfire!
The acid dragon roars!
The foxfire hits the acid dragon but does no damage.
You conjure some foxfire!
The foxfire hits the acid dragon.
The acid dragon is lightly wounded.
The foxfire hits the acid dragon.
The acid dragon is moderately wounded.
Your foxfire dissipates!
The foxfire hits the acid dragon.
The acid dragon is moderately wounded.
The foxfire hits the acid dragon.
The acid dragon is heavily wounded.
The acid dragon spits acid at you. The splash of acid hits you!
The acid corrodes you!
You are splashed with acid!
The acid dragon spits acid at you. The splash of acid hits you!
* * * LOW HITPOINT WARNING * * *
The acid corrodes you!
You are splashed with acid!
* * * LOW HITPOINT WARNING * * *
The acid dragon spits acid at you. The splash of acid misses you.
The acid dragon spits acid at you. The splash of acid hits you!!
You die...

#... ... .. ..# #. ..#
#.# ##..# #.#######
#...######.#......
#.......##.#.##.##
###@..##.......#.#.#
######.....#.........###.
#..D...#...#........## ##
#.######.............###.
#.# #...#...<....#.#.#
#D# #.............#...
#.# #.#.#.#.......####
##.######.>.....###...#
#..........##.### #####


You could see an acid dragon (catching breath).

Vanquished Creatures
  Menkaure (D:4)
  A black bear (D:4)
  A necrophage (D:5)
  2 ogres
  A kobold brigand (Sewer)
  3 scorpions
  A wyvern skeleton (D:5)
  A water moccasin skeleton (D:5)
  5 wights (D:7)
  A hound (D:6)
  2 bullfrog skeletons
  Ijyb (D:4)
  2 orc wizards
  2 iguanas
  2 hound zombies
  2 hound skeletons
  Robin (D:2)
  3 adders
  2 river rats (Sewer)
  An adder skeleton (D:4)
  3 worms
  2 dart slugs
  10 orcs
  5 ball pythons
  5 bats
  5 endoplasms
  3 giant cockroaches
  7 goblins
  11 hobgoblins
  5 jackals
  14 kobolds
  6 frilled lizards
  4 rats
115 creatures vanquished.

Vanquished Creatures (others)
  547 foxfires
547 creatures vanquished.

Grand Total: 662 creatures vanquished

Notes
Turn   | Place    | Note
-------+----------+-------------------------------------------
     0 | D:1      | mrdizzer the Djinni Fire Elementalist began the quest for
                  | the Orb.
     0 | D:1      | Reached XP level 1. HP: 15/15 MP: 0/0
   185 | D:1      | Reached XP level 2. HP: 18/21 MP: 0/0
   775 | D:2      | Reached skill level 3 in Spellcasting
   775 | D:2      | Reached XP level 3. HP: 22/25 MP: 0/0
   775 | D:2      | Learned a level 1 spell: Freeze
   860 | D:2      | Noticed Robin
   871 | D:2      | Killed Robin
  1728 | D:2      | Reached XP level 4. HP: 23/31 MP: 0/0
  2569 | D:3      | Found a glowing drain.
  2578 | Sewer    | Entered a sewer
  2972 | Sewer    | Noticed a kobold brigand
  2981 | Sewer    | Killed a kobold brigand
  2982 | Sewer    | Reached skill level 4 in Spellcasting
  2982 | Sewer    | Reached skill level 1 in Evocations
  2982 | Sewer    | Reached XP level 5. HP: 21/35 MP: 0/0
  2982 | Sewer    | Learned a level 2 spell: Searing Ray
  3149 | Sewer    | Found a white marble altar of Elyvilon.
  3157 | Sewer    | Became a worshipper of Elyvilon the Healer
  3287 | D:3      | Found Duczeyk's Book Boutique.
  3354 | D:3      | Found Kazxifangi's Distillery.
  3376 | D:3      | Bought a potion of curing for 42 gold pieces
  3376 | D:3      | Bought a potion of heal wounds for 70 gold pieces
  3376 | D:3      | Bought a potion of brilliance for 56 gold pieces
  3489 | D:3      | Found a faded altar of an unknown god.
  3596 | D:3      | Found Wyobreheu's Antique Armour Shoppe.
  3691 | D:3      | Reached XP level 6. HP: 32/40 MP: 0/0
  3851 | D:3      | Reached * piety under Elyvilon
  4233 | D:3      | Reached skill level 1 in Invocations
  4305 | D:3      | Found Oroiny's Book Boutique.
  4665 | D:4      | Noticed Ijyb
  4675 | D:4      | Killed Ijyb
  4676 | D:4      | Reached skill level 1 in Armour
  5160 | D:4      | Noticed Menkaure
  5164 | D:4      | Killed Menkaure
  5165 | D:4      | Reached XP level 7. HP: 40/46 MP: 0/0
  5165 | D:4      | Learned a level 3 spell: Confusing Touch
  5294 | D:4      | Reached ** piety under Elyvilon
  5406 | D:4      | Reached skill level 5 in Spellcasting
  5556 | D:5      | Entered Level 5 of the Dungeon
  5767 | D:5      | Reached XP level 8. HP: 15/51 MP: 0/0
  6121 | D:5      | Found a staircase to the Ecumenical Temple.
  6500 | D:5      | Reached *** piety under Elyvilon
  7051 | D:6      | Reached skill level 6 in Spellcasting
  7193 | D:6      | Noticed Grinder
  7198 | D:6      | Paralysed by Grinder for 4 turns
  7215 | D:6      | Paralysed by Grinder for 4 turns
  7400 | D:7      | Noticed a wyvern
  7540 | D:7      | Reached skill level 1 in Staves
  7554 | D:7      | Reached XP level 9. HP: 11/56 MP: 0/0
  7554 | D:7      | Learned a level 4 spell: Cause Fear
  7890 | D:6      | Killed from afar by an acid dragon

Illustrated notes

Levels and vault maps discovered:
D:1:      nzn_arrival_water_spiral, layout_basic
D:2:      layout_basic, chequers_serial_rivers_large_b, uniq_robin
D:3:      layout_loops_cross, hellmonk_ecumenical_altar_arch_garden,
          portal_sewer_entry_d, serial_shops, shop, shop, shop, shop,
          st_stairs_2, lemuel_old_faithful
D:4:      black_bear_nest_1, layout_cave_pools, uniq_menkaure, uniq_ijyb
D:5:      minmay_spotlight, layout_gridville, minmay_temple_entry_sparse_star
D:6:      layout_loops_ring, uniq_grinder
D:7:      corexii_shack_village, layout_gridville, serial_shops, shop

Skill      XL: |  1  2  3  4  5  6  7  8 |
---------------+-------------------------+-----
Spellcasting   | 3 4 5 6 |  6.4
Evocations     | 1 2 3 |  3.7
Stealth        | 2 |  2.1
Invocations    | 1 2 3 |  3.4
Armour         | 1 2 3 |  3.1
Dodging        | 3 |  3.1
Staves         | 1 |  1.1
Fighting       | |  0.5

Action                   |  1- 3 |  4- 6 |  7- 9 || total
-------------------------+-------+-------+-------++-------
Melee: Staff             |    10 |    22 |    24 ||    56
 Cast: Foxfire           |    58 |   160 |   123 ||   341
       Inner Flame       |       |       |     1 ||     1
       Confusing Touch   |       |       |     1 ||     1
Invok: Lesser Healing    |       |       |     3 ||     3
  Use: Scroll            |       |     4 |     2 ||     6
Armor: Robe              |     2 |       |       ||     2
       Leather armour    |       |    10 |     9 ||    19
Dodge: Dodged            |    12 |    30 |    33 ||    75

Table legend: (Time is in decaauts)
 A = Elapsed time spent in this place.
 B = Non-inter-level travel time spent in this place.
 C = Inter-level travel time spent in this place.
 D = Time resting spent in this place.
 E = Time spent auto-exploring this place.
 F = Levels seen in this place.
 G = Mean time per level.
                   A        B        C        D        E       F      G
               +--------+--------+--------+--------+--------+-----+--------+
         Total |   7902 |   7755 |    147 |   2160 |   4529 |   8 |  987.8 |
       Dungeon |   7236 |   7089 |    147 |   1702 |   4455 |   7 | 1033.7 |
         Sewer |    665 |    665 |      0 |    458 |     74 |   1 |  665.0 |
               +--------+--------+--------+--------+--------+-----+--------+

Top non-repeatable levels by time:
     D:2: 1775 daAuts
     D:5: 1226 daAuts
     D:4: 1210 daAuts
     D:3: 1189 daAuts
     D:1: 720 daAuts
   Sewer: 665 daAuts
     D:7: 601 daAuts
     D:6: 512 daAuts
